 Dungeon Crawl Stone Soup version 0.28.0-47-ge53b351184 (webtiles) character file.

Game seed: 159313064646167317

332 Exodus22XD the Thaumaturge (level 6, -1/32 HPs)
             Began as a Deep Elf Conjurer on Apr 29, 2022.
             Was a Believer of Vehumet.
             Killed from afar by an orc wizard (6 damage)
             ... with a magic dart
             ... on level 3 of the Dungeon.
             The game lasted 00:11:36 (2852 turns).

Exodus22XD the Thaumaturge (Deep Elf Conjurer)      Turns: 2852, Time: 00:11:40

Health: -1/32      AC:  4    Str:  4    XL:     6   Next: 26%
Magic:  19/19      EV: 12    Int: 25    God:    Vehumet [**....]
Gold:   60         SH:  0    Dex: 13    Spells: 18/21 levels left

rFire   + . .      SeeInvis .   r - +2 dagger (holy)
rCold   x . .      Faith    .   (no shield)
rNeg    . . .      Spirit   .   a - +0 robe
rPois   .          Reflect  .   q - +0 helmet
rElec   .          Harm     .   (no cloak)
rCorr   .          Rampage  .   c - +0 pair of gloves
Will    .....                   (no boots)
Stlth   ++........              (no amulet)
HPRegen 0.10/turn               p - ring of fire
MPRegen 0.16/turn               (no ring)

@: attractive
A: no striking features
a: Renounce Religion


You were on level 3 of the Dungeon.
You worshipped Vehumet.
Vehumet was pleased with you.
You visited 1 branch of the dungeon, and saw 4 of its levels.

You collected 60 gold pieces.

Inventory:

Hand Weapons
 r - a +2 dagger of holy wrath (weapon)
Armour
 a - a +0 robe (worn)
 c - a +0 pair of gloves (worn)
 q - a +0 helmet (worn)
Jewellery
 p - a ring of fire (left hand)
Scrolls
 b - 2 scrolls of enchant weapon {unknown}
 e - 2 scrolls of enchant armour {unknown}
 f - 3 scrolls of identify {unknown}
 g - a scroll of teleportation {unknown}
 i - a scroll of fog {unknown}
 j - a scroll of amnesia {unknown}
 l - a scroll of vulnerability {unknown}
 m - a scroll of magic mapping {unknown}
 n - a scroll of acquirement {unknown}
Potions
 d - a potion of attraction
 h - a potion of magic {unknown}
 k - 2 potions of cancellation
 o - a potion of curing {unknown}


   Skills:
 - Level 2.4 Dodging
 - Level 2.4 Stealth
 + Level 8.2 Spellcasting
 - Level 5.3 Conjurations


You had 18 spell levels left.
You knew the following spells:

 Your Spells              Type           Power      Damage    Failure   Level
a - Magic Dart            Conj           100%       1d8       1%          1
b - Searing Ray           Conj           72%        2d7       1%          2

Your spell library contained the following spells:

 Spells                   Type           Power      Damage    Failure   Level
 Static Discharge         Conj/Air       23%        N/A       3%          2
 Dazzling Flash           Conj/Hex       46%        N/A       6%          3
 Sublimation of Blood     Necr           10%        N/A       9%          2
 Summon Guardian Golem    Hex/Summ       10%        N/A       19%         3
 Fulminant Prism          Conj/Hex       11%        3d9       21%         4
 Iskenderun's Mystic Bla  Conj/Tloc      23%        2d6       21%         4
 Irradiate                Conj/Tmut      11%        3d17      50%         5
 Petrify                  Tmut/Erth      10%        N/A       52%         4
 Orb of Destruction       Conj           18%        9d8       99%         7
 Spellforged Servitor     Conj/Summ      11%        N/A       100%        7


Dungeon Overview and Level Annotations

Branches:
Dungeon (4/15)
 Temple: D:4-7

Altars:
Dithmenos
Fedhas
Nemelex Xobeh
Ru
Trog
Vehumet

Annotations:
D:4 Dowan


Message History

The orc wizard casts a spell at you.
You are confused.
You bump into the rock wall.
The orc wizard misses you. The orc barely misses you.
You hit the orc.
You kill the orc!
Vehumet accepts your kill.
You feel your power returning. The orc wizard barely misses you.
You bump into the rock wall.
The goblin hits you with a +0 dagger.
You hit the orc.
The orc is moderately wounded.
The goblin barely misses you.
You are too confused!
Unknown command.
Okay, then.
You bump into the rock wall.
The orc priest shouts!
The orc hits you but does no damage. The goblin closely misses you.
The orc wizard hits you with a +0 dagger.
You bump into the rock wall.
You feel less confused. The orc hits you but does no damage.
The orc priest calls down the wrath of Beogh upon you.
Beogh smites you!
Ouch! That really hurt!
The goblin hits you with a +0 dagger.
* * * LOW HITPOINT WARNING * * *
The orc wizard closely misses you.
It was a potion of cancellation.
You feel magically purged. The orc hits you with a +0 whip.
* * * LOW HITPOINT WARNING * * *
The goblin hits you but does no damage. The orc wizard closely misses you.
Okay, then.
It was a potion of attraction.
You feel attractive to monsters. The orc hits you but does no damage.
The goblin hits you with a +0 dagger.
* * * LOW HITPOINT WARNING * * *
The orc wizard gestures at you while chanting.
The magic dart hits you.
You die...

####### #...... .....#####
o...#.g. ######### ...#.#
#.....#.. o.#.#
.......########.#
.........o@g.o..#
.#####.....o#######
...........>...#
########)......##########
#...............##.......#
#.#####.........##.#####.#
#....†........##..# #.#
##.....#.....###..# #.#
####†######## #..# #.#


You could see an orc priest, an orc wizard, an orc and a goblin.

Vanquished Creatures
  An ogre (D:3)
  Blork the orc (D:4)
  An orc priest (D:3)
  A hound skeleton (D:4)
  Robin (D:3)
  3 gnolls (D:4)
  An adder (D:3)
  An ufetubus (D:4)
  A worm (D:2)
  A dart slug (D:3)
  8 orcs
  2 bats
  6 endoplasms
  3 giant cockroaches
  7 hobgoblins
  8 jackals (D:1)
  4 kobolds
  2 quokkas (D:1)
  5 ball pythons
  2 frilled lizards
  7 goblins
  4 rats (D:1)
70 creatures vanquished.

Notes
Turn   | Place    | Note
-------+----------+-------------------------------------------
     0 | D:1      | Exodus22XD the Deep Elf Conjurer began the quest for the
                  | Orb.
     0 | D:1      | Reached XP level 1. HP: 10/10 MP: 6/6
   254 | D:1      | Reached skill level 4 in Spellcasting
   254 | D:1      | Reached XP level 2. HP: 15/15 MP: 7/9
   257 | D:1      | Learned a level 2 spell: Searing Ray
   881 | D:1      | Reached XP level 3. HP: 19/19 MP: 1/11
   882 | D:1      | Found a faded altar of an unknown god.
   890 | D:1      | Prayed at the altar of an unknown god.
   890 | D:1      | Became a worshipper of Vehumet
   890 | D:1      | Reached * piety under Vehumet
   890 | D:1      | Offered knowledge of Sandblast by Vehumet.
   982 | D:1      | Reached skill level 5 in Spellcasting
  1265 | D:2      | You fall into a shaft and drop 2 floors!
  1269 | D:4      | Noticed Blork the orc
  1289 | D:4      | Killed Blork the orc
  1290 | D:4      | Reached skill level 6 in Spellcasting
  1290 | D:4      | Reached XP level 4. HP: 7/24 MP: 2/14
  1503 | D:4      | Identified the +5 scale mail of the Thoughtful Souls {-Tele
                  | Rampage Int+3}
  1505 | D:4      | Noticed Dowan
  1650 | D:4      | Reached skill level 7 in Spellcasting
  1650 | D:4      | Reached XP level 5. HP: 28/28 MP: 10/16
  1737 | D:4      | Found a sacrificial altar of Ru.
  1740 | D:4      | Found a blossoming altar of Fedhas.
  1794 | D:4      | Found a sparkling altar of Nemelex Xobeh.
  1834 | D:4      | Found a bloodstained altar of Trog.
  2027 | D:3      | Reached skill level 5 in Conjurations
  2120 | D:3      | Found a radiant altar of Vehumet.
  2396 | D:3      | Found a shadowy altar of Dithmenos.
  2627 | D:3      | Noticed an ogre
  2632 | D:3      | Killed an ogre
  2633 | D:3      | Reached XP level 6. HP: 32/32 MP: 12/18
  2671 | D:3      | Noticed Robin
  2686 | D:3      | Reached skill level 8 in Spellcasting
  2691 | D:3      | Killed Robin
  2691 | D:3      | Offered knowledge of Static Discharge by Vehumet.
  2692 | D:3      | Reached ** piety under Vehumet
  2852 | D:3      | Killed from afar by an orc wizard

Illustrated notes

Levels and vault maps discovered:
D:1:      lightli_arrival_noodles, layout_loops_ring,
          hellmonk_ecumenical_altar_dog_temple, minmay_cupped
D:2:      layout_rooms, minivault_26
D:3:      layout_rooms, lemuel_tele_altar, nicolae_vehumet_altar_sigil,
          grunt_dithmenos_smoke, serial_co_window_serial, co_window_paths_a,
          co_window_of_opportunity_a, co_window_corner_a, co_window_paths_b,
          co_window_paths_a, co_window_corner_b, co_window_broadway_c,
          co_window_2corner, co_window_broadway_b, co_window_2corner,
          co_window_4corner_b, glass_columns_a, uniq_robin
D:4:      kennysheep_big_flooded_room, layout_cave_pools,
          nemelex_dance_club_becter, nicolae_overflow_hidden_temple,
          minmay_temple_entry_offerings, minmay_misc_feat_rugged,
          chequers_hall_statues_corner_a, uniq_duvessa, uniq_eustachio,
          uniq_blork_the_orc

Skill      XL: |  1  2  3  4  5  6 |
---------------+-------------------+-----
Spellcasting   | 4 6 7 8 |  8.2
Conjurations   | 5 |  5.3
Dodging        | |  2.4
Stealth        | |  2.4

Action                   |  1- 3 |  4- 6 || total
-------------------------+-------+-------++-------
Melee: Dagger            |       |     2 ||     2
 Cast: Magic Dart        |    57 |    73 ||   130
       Searing Ray       |     3 |     8 ||    11
  Use: Potion            |       |     2 ||     2
Armor: Robe              |     1 |     4 ||     5
Dodge: Dodged            |     2 |     9 ||    11
